 Dungeon Crawl Stone Soup version 0.31-a0-1620-gcbf77bbcfc (webtiles) character file.

Game seed: 17015041619891328671

19357 dthurber the Severer (level 12, -3/121 HPs)
             Began as a Hill Orc Fighter on Jan 10, 2024.
             Slain by a vault guard
             ... wielding a +0 great mace
              (22 damage)
             ... on level 12 of the Dungeon on Jan 11, 2024.
             The game lasted 00:48:16 (15416 turns).

dthurber the Severer (Hill Orc Fighter)            Turns: 15416, Time: 00:48:16

Health: -3/121     AC: 17    Str: 22    XL:     12   Next: 68%
Magic:  0/12       EV: 10    Int: 12    God:
Gold:   1033       SH:  4    Dex: 12    Spells: 11/11 levels left

rFire   + . .        H - +2 flail (venom)
rCold   x . .        c - +0 buckler
rNeg    . . .        B - +5 ring mail
rPois   .            g - +0 helmet of Macaroni {Int+4}
rElec   .            (no cloak)
rCorr   .            J - +0 pair of gloves
SInv    .            x - +2 pair of boots
Will    .....        l - amulet of guardian spirit
Stlth   +            m - ring of fire
HPRegen 0.40/turn    (no ring)
MPRegen 0.13/turn

%: guardian spirit
@: no status effects
A: no striking features
a: no special abilities


You were on level 12 of the Dungeon.
You visited 1 branch of the dungeon, and saw 13 of its levels.
You also visited: Bailey.

You collected 1195 gold pieces.
You spent 162 gold pieces at shops.

Inventory:

Hand Weapons
 a - a +3 war axe
 H - a +2 flail of venom (weapon)
 Q - a +2 antimagic war axe
Missiles
 e - 142 stones (quivered)
 s - 5 curare-tipped darts
 w - 16 poisoned darts
 G - 18 darts of dispersal
Armour
 c - a +0 buckler (worn)
 g - the +0 helmet of Macaroni (worn) {Int+4}
   (You took it off Robin on level 3 of the Dungeon)

   Int+4:     It affects your intelligence (+4).
 x - a +2 pair of boots (worn)
 B - a +5 ring mail (worn)
 J - a +0 pair of gloves (worn)
Jewellery
 k - an amulet of faith
 l - an amulet of guardian spirit (around neck)
 m - a ring of fire (left hand)
 p - a +6 ring of strength
 q - a ring of protection from cold
 L - an amulet of reflection
Wands
 d - a wand of quicksilver (2)
 n - a wand of mindburst (6)
 o - a wand of roots (8)
 r - a wand of charming (11)
Scrolls
 b - 3 scrolls of teleportation
 h - 2 scrolls of blinking
 u - 3 scrolls of fear
 y - a scroll of immolation
 D - a scroll of fog
 I - a scroll of butterflies
 K - a scroll of poison
 N - 3 scrolls of identify
 O - a scroll of amnesia
 P - a scroll of revelation
Potions
 f - 4 potions of enlightenment
 i - 2 potions of cancellation
 j - 3 potions of brilliance
 t - 3 potions of haste
 v - a potion of magic
 z - 2 potions of resistance
 A - a potion of curing
 C - a potion of attraction
 M - a potion of ambrosia
Miscellaneous
 E - a tin of tremorstones (2/2)


   Skills:
 * Level 15.6 Fighting
 - Level 17.4(18.0) Axes
 + Level 6.3(11.5) Maces & Flails
 + Level 7.6 Armour
 - Level 3.7 Shields


You had 11 spell levels left.
You didn't know any spells.
Your spell library contained the following spells:

 Spells                   Type           Power      Damage    Failure   Level
 Apportation              Tloc           0%         N/A       52%         1
 Magic Dart               Conj           0%         1d3       52%         1
 Necrotise                Necr           0%         1d4       52%         1
 Sting                    Conj/Alch      0%         1d3       52%         1
 Summon Small Mammal      Summ           0%         N/A       52%         1
 Blink                    Tloc           0%         N/A       67%         2
 Call Imp                 Summ           0%         N/A       67%         2
 Ensorcelled Hibernation  Hex/Ice        0%         N/A       67%         2
 Mercury Vapours          Alch/Air       0%         N/A       67%         2
 Searing Ray              Conj           0%         2d4       67%         2
 Gell's Gravitas          Tloc           0%         N/A       88%         3
 Passwall                 Erth           0%         N/A       88%         3
 Swiftness                Air            0%         N/A       88%         3
 Teleport Other           Tloc           0%         N/A       88%         3
 Fulminant Prism          Conj/Alch      0%         3d5       99%         4
 Leda's Liquefaction      Alch/Erth      0%         N/A       99%         4
 Olgreb's Toxic Radiance  Alch           0%         N/A       99%         4
 Lee's Rapid Deconstruct  Erth           0%         3d4*      100%        5
 Bombard                  Conj/Erth      0%         9d1       100%        6
 Dispersal                Tloc           0%         N/A       100%        6


Dungeon Overview and Level Annotations

Branches:
Dungeon (13/15)            Temple (0/1) D:5            Lair (0/5) D:10
    Orc (0/2) D:10         Bailey (visited)
 Vaults: D:13-14

Altars:
Kikubaaqudgha
Qazlal
Uskayaw
Wu Jian
Beogh

Shops:
D:5 =   D:6 *

Annotations:
D:12 4 transporters


Message History

You closely miss the vault guard.
The vault guard hits you with a +0 great mace!
You hit the vault guard but do no damage.
The vault guard is poisoned.
The vault guard hits you with a +0 great mace.
You sock the vault guard!
The vault guard is lightly wounded.
The vault guard closely misses you.
You bludgeon the vault guard!!
The vault guard looks as sick as possible!
The vault guard is moderately wounded.
The vault guard hits you with a +0 great mace!!
You closely miss the vault guard.
The vault guard is moderately wounded.
The vault guard hits you with a +0 great mace.
* * * LOW HITPOINT WARNING * * *
The vault guard attacks as it pursues you!
The vault guard hits you but does no damage.
The vault guard attacks as it pursues you!
The vault guard hits you but does no damage.
The vault guard attacks as it pursues you!
The vault guard hits you with a +0 great mace.
* * * LOW HITPOINT WARNING * * *
The vault guard attacks as it pursues you!
The vault guard barely misses you.
The vault guard attacks as it pursues you!
You block the vault guard's attack.
The vault guard attacks as it pursues you!
The vault guard hits you with a +0 great mace!
* * * LOW HITPOINT WARNING * * *
You hit the vault guard but do no damage.
The vault guard is heavily wounded.
The vault guard hits you with a +0 great mace!
* * * LOW HITPOINT WARNING * * *
You sock the vault guard!
The vault guard looks as sick as possible!
The vault guard is severely wounded.
The vault guard attacks as it pursues you!
The vault guard hits you with a +0 great mace!!
You die...

#.# #........... #.#
#........... #.#
#.|........< #.#
#...........
########.######...........
#.........................
#########.#########.######
#.# #.# #@# #># #p# #.#
#.# #)# #.#########.######
#.................
#.#########.###### #.# #.#
#########.# #.#
#.........# #.#


You could see a vault guard (extremely poisoned).

Vanquished Creatures
  6 two-headed ogres
  3 boulder beetles
  Lodul (D:12)
  Pikel (D:4)
  A deep elf pyromancer (Bailey)
  An ugly thing (D:10)
  An orc knight (Bailey)
  2 manticores
  3 cyclopes
  2 gargoyles (D:11)
  A kobold demonologist (D:12)
  Maggie (D:6)
  An unseen horror (D:10)
  2 hornets (D:9)
  Sigmund (D:3)
  2 wyverns (D:9)
  A shadow (D:11)
  2 vampires
  9 yaks
  A steam dragon (D:9)
  8 vampire mosquitoes (D:12)
  3 acid dragons
  3 ice beasts
  9 orc warriors
  7 ogres
  A phantom (D:4)
  3 centaurs
  2 lemures (D:4)
  8 kobold brigands
  3 bullfrogs
  2 gnoll sergeants
  A scorpion (D:5)
  7 killer bees
  2 howler monkeys (D:6)
  A bombardier beetle (D:6)
  4 jellies
  4 hounds
  9 orc priests
  A sleepcap (D:6)
  Ijyb (D:3)
  7 orc wizards
  2 iguanas
  Robin (D:3)
  7 adders
  6 gnolls
  A shadow imp (D:6)
  A white imp (D:5)
  2 ufetubi (D:5)
  An adder zombie (D:3)
  A ribbon worm (D:2)
  2 dart slugs (D:1)
  37 orcs
  5 bats
  2 endoplasms
  3 giant cockroaches
  15 goblins
  6 hobgoblins
  2 jackals (D:5)
  22 kobolds
  5 quokkas
  5 ball pythons
  A ball python skeleton (D:3)
  A frilled lizard (D:2)
  A quokka zombie (D:3)
  5 rats
262 creatures vanquished.

Vanquished Creatures (others)
  A wyvern (D:9)
1 creature vanquished.

Grand Total: 263 creatures vanquished

Notes
Turn   | Place    | Note
-------+----------+-------------------------------------------
     0 | D:1      | dthurber the Hill Orc Fighter began the quest for the Orb.
     0 | D:1      | Reached XP level 1. HP: 19/19 MP: 1/1
   153 | D:1      | Reached XP level 2. HP: 27/27 MP: 2/2
   179 | D:1      | Reached skill level 3 in Axes
   525 | D:1      | Upgraded the game from 0.31-a0-1612-g4aaf141004 to
                  | 0.31-a0-1616-gbeaec30b81
   631 | D:1      | Reached XP level 3. HP: 27/33 MP: 3/3
  1276 | D:2      | Found a hide-covered altar of Uskayaw.
  1293 | D:2      | Reached XP level 4. HP: 40/40 MP: 4/4
  1298 | D:2      | Reached skill level 4 in Axes
  1402 | D:3      | Found a faded altar of an unknown god.
  1403 | D:3      | Noticed Sigmund
  1761 | D:3      | Identified the +0 helmet of Macaroni {Int+4}
  1761 | D:3      | Noticed Robin
  1815 | D:2      | Reached XP level 5. HP: 20/47 MP: 3/5
  1930 | D:2      | Reached skill level 5 in Axes
  1954 | D:3      | Killed Robin
  2245 | D:3      | Noticed Ijyb
  2381 | D:3      | Killed Sigmund
  2382 | D:3      | Reached skill level 5 in Fighting
  2382 | D:3      | Reached skill level 6 in Axes
  2382 | D:3      | Reached XP level 6. HP: 49/56 MP: 4/6
  2390 | D:3      | Killed Ijyb
  2699 | D:3      | Identified the +0 leather armour "Plog" {*Corrode rPois
                  | Will+}
  2834 | D:3      | Reached skill level 7 in Axes
  3150 | D:4      | Reached XP level 7. HP: 52/63 MP: 4/7
  3219 | D:4      | Identified the +8 trident "Killer Bee's Peril" {drain, rF+
                  | Int+2}
  3592 | D:5      | Entered Level 5 of the Dungeon
  3723 | D:5      | Reached skill level 8 in Axes
  3773 | D:5      | Noticed Pikel
  4000 | D:4      | Killed Pikel
  4001 | D:4      | Reached skill level 9 in Axes
  4001 | D:4      | Reached XP level 8. HP: 51/73 MP: 6/8
  4090 | D:5      | Reached skill level 10 in Axes
  4350 | D:5      | Found a staircase to the Ecumenical Temple.
  4385 | D:5      | Found Sororueb's Jewellery Shop.
  4942 | D:5      | Reached skill level 11 in Axes
  5170 | D:5      | Found an ancient bone altar of Kikubaaqudgha.
  5171 | D:5      | Found an ornate altar of the Wu Jian Council.
  5906 | D:6      | Reached XP level 9. HP: 62/82 MP: 7/9
  5970 | D:6      | Found Xiurph's General Store.
  6037 | D:6      | Bought a potion of curing for 36 gold pieces
  6037 | D:6      | Bought a potion of curing for 36 gold pieces
  6037 | D:6      | Bought a scroll of enchant weapon for 90 gold pieces
  6297 | D:6      | Reached skill level 12 in Axes
  6302 | D:6      | Noticed Maggie
  6309 | D:6      | Killed Maggie
  6442 | D:7      | Noticed a boulder beetle
  6582 | D:6      | Reached skill level 13 in Axes
  6818 | D:6      | Killed a boulder beetle
  6971 | D:7      | Reached skill level 10 in Fighting
  6971 | D:7      | Reached skill level 14 in Axes
  7574 | D:8      | Reached XP level 10. HP: 75/93 MP: 6/10
  8459 | D:8      | Reached skill level 15 in Axes
  8776 | D:8      | Upgraded the game from 0.31-a0-1616-gbeaec30b81 to
                  | 0.31-a0-1620-gcbf77bbcfc
  8818 | D:9      | Reached skill level 16 in Axes
  8897 | D:9      | Identified the +5 dagger of the Doomed Warrior {freeze, rC+
                  | Str+3 Int-4 Stlth+}
  9086 | D:9      | Found a flagged portal.
  9103 | Bailey   | Entered a bailey
  9192 | Bailey   | Noticed an orc knight
  9207 | Bailey   | Killed an orc knight
  9215 | Bailey   | Found a large runed translucent door.
  9215 | Bailey   | Found a large runed translucent door.
  9223 | Bailey   | Noticed a deep elf pyromancer
  9252 | Bailey   | Reached XP level 11. HP: 43/104 MP: 5/11
  9424 | Bailey   | Killed a deep elf pyromancer
  9425 | Bailey   | Reached skill level 17 in Axes
  9525 | D:9      | Noticed a two-headed ogre
  9536 | D:9      | Killed a two-headed ogre
  9715 | D:9      | Found a stormy altar of Qazlal.
 10308 | D:10     | Entered Level 10 of the Dungeon
 10308 | D:10     | Noticed a two-headed ogre
 10319 | D:9      | Killed a two-headed ogre
 10320 | D:9      | Reached skill level 1 in Maces & Flails
 10471 | D:10     | Noticed a two-headed ogre
 10504 | D:9      | Killed a two-headed ogre
 10524 | D:10     | Noticed a brown ugly thing
 10879 | D:10     | Found a staircase to the Lair.
 10927 | D:10     | Noticed a two-headed ogre
 11192 | D:9      | Killed a two-headed ogre
 11493 | D:10     | Killed a brown ugly thing
 11494 | D:10     | Reached skill level 5 in Armour
 11725 | D:10     | Found a staircase to the Orcish Mines.
 11779 | D:10     | Found a roughly hewn altar of Beogh.
 11923 | D:11     | Noticed a cyclops
 11935 | D:10     | Killed a cyclops
 12549 | D:11     | Noticed a manticore
 12555 | D:11     | Killed a manticore
 12725 | D:11     | Identified the +2 shortbow of Bloodstone {elec, rPois}
 12882 | D:11     | Noticed a cyclops
 12891 | D:11     | Killed a cyclops
 12892 | D:11     | Reached XP level 12. HP: 69/117 MP: 8/12
 13264 | D:12     | Noticed a two-headed ogre
 13274 | D:11     | Killed a two-headed ogre
 13542 | D:12     | Reached skill level 5 in Maces & Flails
 13563 | D:12     | Found a transporter.
 13571 | D:12     | Found a transporter.
 13575 | D:12     | Found a transporter.
 13580 | D:12     | Found a transporter.
 13580 | D:12     | Noticed a boulder beetle
 13582 | D:12     | Noticed a boulder beetle
 13643 | D:12     | Noticed a two-headed ogre
 13675 | D:12     | Killed a two-headed ogre
 13892 | D:12     | Reached skill level 15 in Fighting
 14080 | D:12     | Noticed Lodul
 14112 | D:12     | Killed a boulder beetle
 14490 | D:12     | Killed Lodul
 14701 | D:12     | Killed a boulder beetle
 15058 | D:13     | Noticed a vault guard
 15058 | D:13     | Noticed a centaur warrior
 15060 | D:13     | Noticed a vault guard
 15061 | D:13     | Noticed a two-headed ogre
 15416 | D:12     | Slain by a vault guard

Illustrated notes

Levels and vault maps discovered:
D:1:      minmay_arrival_open_corners, layout_basic
D:2:      layout_basic, basic_altar
D:3:      layout_basic, shapermc_ecumenical_altar_starsandcircs, serial_undead,
          serial_undead_a, serial_undead_e, serial_undead_c, serial_undead_b,
          serial_undead_e, serial_undead_a, grunt_ministairs_11, uniq_robin,
          uniq_ijyb, uniq_sigmund
D:4:      layout_rooms
D:5:      layout_gridville, gammafunk_temple_overflow_pools,
          minmay_temple_entry_antechambers, serial_shops,
          nicolae_shop_hallway_plus, minmay_misc_feat_hallway,
          grunt_decor_mini_mirrors, minivault_25, grunt_ministairs_3, uniq_pikel
D:6:      layout_gridville, serial_shops, nicolae_shop_tiny_waterfront,
          uniq_maggie
D:7:      layout_cave_pools
D:8:      layout_rooms
D:9:      layout_loops_cross, kennysheep_mini, enter_bailey_4, nrook_uturn,
          minivault_16
D:10:     layout_rooms, dpeg_oklobed_lair, minmay_orc_entry_temple_small
D:11:     layout_basic, serial_rivers, chequers_serial_rivers_micro_b,
          chequers_serial_rivers_micro_d, chequers_serial_rivers_micro_c,
          chequers_serial_rivers_room_a, chequers_serial_rivers_large_b,
          minmay_unpleasant_kobolds
D:12:     layout_small_grid, nicolae_diode_quadrants, uniq_lodul
D:13:     layout_loops_ring, lightli_vaults_fourway_checkpoint,
          onia_ninara_cookie

Skill      XL: |  1  2  3  4  5  6  7  8  9 10 11 12 |
---------------+-------------------------------------+-----
Axes           | 3 4 6 7 9 11 14 16 17 | 17.4
Fighting       | 4 5 6 7 8 10 11 14 15 | 15.6
Maces & Flails | 4 6 |  6.3
Armour         | 6 7 |  7.6
Shields        | |  3.7

Action                     |  1- 3 |  4- 6 |  7- 9 | 10-12 || total
---------------------------+-------+-------+-------+-------++-------
  Melee: War axe           |   123 |   141 |   218 |   161 ||   643
         Flail             |       |       |       |   383 ||   383
  Throw: Stone             |     4 |     7 |     2 |       ||    13
    Use: Scroll            |     3 |     6 |    10 |     4 ||    23
         Potion            |     3 |       |     4 |     6 ||    13
 Armour: Scale mail        |   105 |    95 |       |       ||   200
         Chain mail        |       |    45 |   286 |    37 ||   368
         Ring mail         |       |       |       |   490 ||   490
  Dodge: Dodged            |    65 |    80 |    92 |   271 ||   508
  Block: Buckler           |    30 |    35 |    57 |   115 ||   237

Table legend: (Time is in decaauts)
 A = Elapsed time spent in this place.
 B = Non-inter-level travel time spent in this place.
 C = Inter-level travel time spent in this place.
 D = Time resting spent in this place.
 E = Time spent auto-exploring this place.
 F = Levels seen in this place.
 G = Mean time per level.
                   A        B        C        D        E       F      G
               +--------+--------+--------+--------+--------+-----+--------+
         Total |  15503 |  13457 |   2046 |   4556 |   5348 |  14 | 1107.4 |
       Dungeon |  15130 |  13084 |   2046 |   4396 |   5348 |  13 | 1163.8 |
        Bailey |    373 |    373 |      0 |    160 |      0 |   1 |  373.0 |
               +--------+--------+--------+--------+--------+-----+--------+

Top non-repeatable levels by time:
     D:9: 2029 daAuts
    D:11: 1868 daAuts
     D:5: 1779 daAuts
    D:12: 1478 daAuts
     D:3: 1370 daAuts
     D:6: 1154 daAuts
     D:2: 1099 daAuts
     D:7: 950 daAuts
    D:10: 878 daAuts
     D:8: 854 daAuts
     D:4: 809 daAuts
     D:1: 754 daAuts
  Bailey: 373 daAuts
    D:13: 103 daAuts
